 Dungeon Crawl Stone Soup version 0.32-a0-913-g739538afd8 (webtiles) character file.

Game seed: 14405686315582394415

35 bronco the Firebug (level 3, -1/26 HPs)
             Began as a Mountain Dwarf Fire Elementalist on Apr 8, 2024.
             Slain by a ribbon worm (6 damage)
             ... on level 2 of the Dungeon.
             The game lasted 00:05:49 (1599 turns).

bronco the Firebug (MDFE)                           Turns: 1599, Time: 00:05:49

Health: -1/26      AC:  3    Str: 10    XL:     3   Next: 17%
Magic:  1/5        EV: 10    Int: 17    God:
Gold:   76         SH:  0    Dex: 10    Spells: 4/5 levels left

rFire   . . .        h - +0 rapier
rCold   . . .        (no shield)
rNeg    . . .        a - +0 robe
rPois   .            (no helmet)
rElec   .            i - +0 cloak
rCorr   .            (no gloves)
SInv    .            (no boots)
Will    .....        (no amulet)
Stlth   ++           (no ring)
HPRegen 0.24/turn    (no ring)
MPRegen 0.09/turn

%: no passive effects
@: no status effects
A: runic magic, artefact enchanting
a: no special abilities


You were on level 2 of the Dungeon.
You visited 1 branch of the dungeon, and saw 2 of its levels.

You collected 76 gold pieces.

Inventory:

Hand Weapons
 e - a +0 dagger
 g - a +0 short sword
 h - a +0 rapier (weapon)
Armour
 a - a +0 robe (worn)
 i - a +0 cloak (worn)
Scrolls
 c - a scroll of fog {unknown}
 d - a scroll of blinking {unknown}
 f - 2 scrolls of identify {unknown}
 k - a scroll of teleportation {unknown}
 l - a scroll of poison {unknown}
Potions
 b - a potion of magic
 j - a potion of lignification {unknown}


   Skills:
 - Level 1.3 Dodging
 - Level 1.4 Stealth
 - Level 1.7 Spellcasting
 - Level 0.8 Conjurations
 + Level 5.2 Fire Magic


You had 4 spell levels left.
You knew the following spells:

 Your Spells              Type           Power      Damage    Failure   Level
a - Foxfire               Conj/Fire      44%        2x1d6     5%          1

Your spell library contained the following spells:

 Spells                   Type           Power      Damage    Failure   Level
 Scorch                   Fire           38%        2d6       3%          2
 Inner Flame              Hex/Fire       10%        N/A       21%         3
 Volatile Blastmotes      Fire/Tloc      20%        2d11      21%         3
 Static Discharge         Conj/Air       4%         3-4/arc   26%         2
 Sublimation of Blood     Necr           1%         N/A       30%         2
 Flame Wave               Conj/Fire      11%        2d6       50%         4
 Airstrike                Air            0%         2d(1-17)  89%         4
 Petrify                  Alch/Erth      1%         N/A       89%         4
 Summon Lightning Spire   Summ/Air       1%         N/A       89%         4
 Irradiate                Conj/Alch      1%         3d12      99%         5


Dungeon Overview and Level Annotations

Branches:
Dungeon (2/15)

Altars:


Innate Abilities, Weirdness & Mutations

Your spellcasting is much less encumbered by armour.
You can use scrolls of enchantment on lesser artefacts.


Message History

Casting: Foxfire (safe; 5% risk of failure)
Confirm with . or Enter, or press ? or * to list all spells.
You conjure some foxfire!
The ball python bites you but does no damage.
The ball python constricts you. The ribbon worm bites you!
The ball python bites you. The ball python constricts you.
The web tears apart.
The foxfire hits the ribbon worm.
The ribbon worm is heavily wounded.
The foxfire hits the ribbon worm.
The ribbon worm is severely wounded.
The ball python bites you but does no damage.
The ball python constricts you.
The ball python's grasp on you weakens, but your attempt to escape fails.
The ribbon worm completely misses you.
The ball python bites you but does no damage.
The ball python constricts you.
You hit the ribbon worm.
The ribbon worm is severely wounded.
The ball python bites you but does no damage.
The ball python constricts you.
The ribbon worm bites you but does no damage.
Casting: Foxfire (safe; 5% risk of failure)
Confirm with . or Enter, or press ? or * to list all spells.
You conjure some foxfire!
The ball python bites you. The ball python constricts you.
The ribbon worm bites you!
* * * LOW HITPOINT WARNING * * *
The ball python bites you.
* * * LOW HITPOINT WARNING * * *
The ball python constricts you.
Unknown command.
You escape the ball python's grasp.
Your foxfire dissipates!
The foxfire hits the ribbon worm.
The ribbon worm is almost dead.
The ribbon worm attacks as it pursues you!
The ribbon worm barely misses you.
Casting: Foxfire (safe; 5% risk of failure)
Confirm with . or Enter, or press ? or * to list all spells.
You conjure some foxfire!
The ribbon worm bites you.
You die...

.........#........#........#
#+######.####..#########.###
#....................
########.##########....
...............##<#..##
######..######.##.#..#
#.......# ##.#..#
.#+#####..####.# #..#..#
.......#@v# #.##..#
......Sw.v# #.##..#
........#.# #.##>.#
.......##?# #.##..## .#+##+#
#.# #.##.... #.# #.###.##
... #....... .# ########.##
..........#


You could see a ribbon worm (ally target) and a ball python.

Vanquished Creatures
  4 ball pythons (D:1)
  4 endoplasms
  4 giant cockroaches (D:1)
  A goblin (D:1)
  4 hobgoblins
  5 kobolds (D:1)
  5 quokkas
  A frilled lizard (D:1)
  A rat (D:1)
29 creatures vanquished.

Vanquished Creatures (others)
  63 foxfires
63 creatures vanquished.

Grand Total: 92 creatures vanquished

Notes
Turn   | Place    | Note
-------+----------+-------------------------------------------
     0 | D:1      | bronco the Mountain Dwarf Fire Elementalist began the quest
                  | for the Orb.
     0 | D:1      | Reached XP level 1. HP: 14/14 MP: 3/3
   304 | D:1      | Reached skill level 4 in Fire Magic
   364 | D:1      | Reached XP level 2. HP: 11/20 MP: 1/4
   877 | D:1      | Reached skill level 5 in Fire Magic
  1005 | D:1      | Reached XP level 3. HP: 18/26 MP: 3/5
  1599 | D:2      | Slain by a ribbon worm

Illustrated notes

Levels and vault maps discovered:
D:1:      lordsloth_arrival_two_stooges, layout_basic, minmay_shallow_snake_nest
D:2:      layout_basic, shapermc_ecumenical_altar_rom_forum

Skill      XL: |  1  2 |
---------------+-------+-----
Fire Magic     | 4 5 |  5.2
Dodging        | |  1.3
Stealth        | |  1.4
Spellcasting   | |  1.7
Conjurations   | |  0.8

Action                     || total
---------------------------++-------
  Melee: Rapier            ||    39
         Dagger            ||     4
   Cast: Foxfire           ||    45
   Stab: Sleeping          ||     1
 Armour: Robe              ||    54
  Dodge: Dodged            ||    30

Table legend: (Time is in decaauts)
 A = Elapsed time spent in this place.
 B = Non-inter-level travel time spent in this place.
 C = Inter-level travel time spent in this place.
 D = Time resting spent in this place.
 E = Time spent auto-exploring this place.
 F = Levels seen in this place.
 G = Mean time per level.
                   A        B        C        D        E       F      G
               +--------+--------+--------+--------+--------+-----+--------+
         Total |   1605 |   1529 |     76 |      2 |   1300 |   2 |  802.5 |
       Dungeon |   1605 |   1529 |     76 |      2 |   1300 |   2 |  802.5 |
               +--------+--------+--------+--------+--------+-----+--------+

Top non-repeatable levels by time:
     D:1: 1219 daAuts
     D:2: 385 daAuts
